 Dungeon Crawl Stone Soup version 0.24.0-13-gcf9b319 (webtiles) character file.

Game seed: 12606312008101764443, levelgen mode: deterministic

89 Firecrotchwizard the Poker (level 4, 0/35 HPs)
             Began as a Demonspawn Gladiator on Feb 2, 2020.
             Succumbed to a worker ant's poison
             ... on level 2 of the Dungeon.
             The game lasted 00:03:22 (1294 turns).

Firecrotchwizard the Poker (Demonspawn Gladiator)   Turns: 1294, Time: 00:03:22

Health: 0/35       AC:  8    Str: 17    XL:     4   Next: 31%
Magic:  3/3        EV: 11    Int: 10    God:
Gold:   103        SH:  0    Dex: 18    Spells: 3/3 levels left

rFire    + + .     SeeInvis .   a - +0 trident
rCold    + . .     Gourm    .   (no shield)
rNeg     . . .     Faith    .   h - +0 scale mail
rPois    +         Spirit   .   c - +0 helmet
rElec    +         Reflect  .   (no cloak)
rCorr    +         Harm     .   q - +0 pair of gloves
MR       .....                  (no boots)
Stlth    +.........             (no amulet)
HPRegen  0.11/turn              (no ring)
MPRegen  0.08/turn              (no ring)

@: lethally poisoned (0 -> -6), resistant, hasted, very quick
A: thin skeletal structure 1, agile 1, fire resistance 1, low mp 1, strong 1,
flame cloud immunity
a: no special abilities


You were on level 2 of the Dungeon.
You were not hungry.

You visited 1 branch of the dungeon, and saw 2 of its levels.

You collected 103 gold pieces.

Inventory:

Hand Weapons
 a - a +0 trident (weapon)
Missiles
 d - 3 throwing nets {=f, !d}
Armour
 b - a +0 leather armour
 c - a +0 helmet (worn)
 h - a +0 scale mail (worn)
   (You found it on level 1 of the Dungeon)
 q - a +0 pair of gloves (worn)
   (You found it on level 2 of the Dungeon)
Scrolls
 k - 2 scrolls of teleportation {unknown}
 l - 2 scrolls of remove curse {unknown}
 m - a scroll of blinking {unknown}
 o - a scroll of amnesia {unknown}
 p - a scroll of identify {unknown}
 r - a scroll of magic mapping {unknown}
Potions
 n - 3 potions of magic
Comestibles
 f - 6 rations


   Skills:
 + Level 3.0 Fighting
 * Level 4.1 Polearms
 - Level 1.7 Throwing
 - Level 2.6 Dodging


You had 3 spell levels left.
You didn't know any spells.
Your spell library was empty.

Dungeon Overview and Level Annotations

Branches:
Dungeon (2/15)

Altars:


Innate Abilities, Weirdness & Mutations

You have a somewhat thin skeletal structure. (Dex +2, Stealth)
Your flesh is heat resistant. (rF+)
You are immune to clouds of flame.
You are agile. (Dex +2)
Your magical capacity is low. (-10% MP)
Your muscles are strong. (Str +2)


Message History

Things that are here:
a +0 short sword; a kobold corpse You see here a robe.
Some of the chunks of flesh in your inventory have rotted away.
You see here a +0 dagger.
There is a stone staircase leading up here.
You see here a trident.
You enter the shallow water.
Moving in this stuff is going to be slow.
r - a scroll labeled ZETIARAHIU You now have 103 gold pieces (gained 8).
You see here 20 stones.
A worker ant comes into view.
The worker ant closely misses you.
Your scale mail prevents you from hitting the worker ant.
The worker ant bites you.
You are poisoned.
The worker ant poisons you!
You take 1 damage, and have 27/28 hp.
You closely miss the worker ant.
You feel sick. The worker ant closely misses you.
You take 1 damage, and have 26/28 hp.
You barely miss the worker ant. The worker ant bites you.
The worker ant barely misses you.
You take 4 damage, and have 22/28 hp.
You puncture the worker ant!
You feel sick. The worker ant barely misses you.
You hit the worker ant.
The worker ant bites you but does no damage.
You hit the worker ant.
You feel sick. The worker ant bites you.
You are more poisoned.
The worker ant poisons you! The worker ant bites you.
You take 8 damage, and have 14/28 hp.
MASSIVE DAMAGE!!
You are too injured to fight recklessly!
You are too injured to fight recklessly!
You are too injured to fight recklessly!
You barely miss the worker ant.
You feel sick. The worker ant bites you.
You are lethally poisoned!
The worker ant poisons you!
You take 3 damage, and have 11/28 hp.
You hit the worker ant.
You kill the worker ant!
Your Fighting skill increases to level 3!
Your Polearms skill increases to level 4!
You have reached level 4!
You feel clever.
Your demonic ancestry asserts itself...
You feel less concerned about heat.
You feel sick.
You regained 2 hp, and now have 13/35 hp.
MP restored: 4 A bat comes into view.
You feel sick.
You see here a worker ant corpse.
You take 2 damage, and have 11/35 hp.
You butcher the worker ant corpse.
* * * LOW HITPOINT WARNING * * *
You feel sick. The bat hits you but does no damage. The bat closely misses you.
You see here 2 chunks of flesh {@w0}.
You take 1 damage, and have 10/35 hp.
There is a lethal amount of poison in your body!
You closely miss the bat.
* * * LOW HITPOINT WARNING * * *
You feel sick. The bat completely misses you.
The bat hits you but does no damage.
You take 1 damage, and have 9/35 hp.
* * * LOW HITPOINT WARNING * * *
You feel sick. The bat barely misses you.
You take 2 damage, and have 7/35 hp.
* * * LOW HITPOINT WARNING * * *
You feel sick. The bat barely misses you.
You see here 2 chunks of flesh {@w0}.
You take 1 damage, and have 6/35 hp.
* * * LOW HITPOINT WARNING * * *
You feel sick. The bat hits you.
* * * LOW HITPOINT WARNING * * *
You take 2 damage, and have 4/35 hp.
You closely miss the bat.
* * * LOW HITPOINT WARNING * * *
You feel sick. The bat hits you but does no damage.
It was a potion of magic.
Magic courses through your body.
* * * LOW HITPOINT WARNING * * *
You feel sick. The bat completely misses you.
You take 1 damage, and have 3/35 hp.
It was a potion of resistance.
You feel protected. The bat misses you.
All of the chunks of flesh in your inventory have rotted away.
It was a potion of haste.
You feel yourself speed up.
* * * LOW HITPOINT WARNING * * *
You feel sick. The bat closely misses you.
You take 1 damage, and have 2/35 hp.
It was a potion of mutation.
You feel extremely strange.
You feel stronger.
You feel less energetic.
You feel agile.
* * * LOW HITPOINT WARNING * * *
You feel sick.
You take 1 damage, and have 1/35 hp.
You now have 3/3 mp.
You barely miss the bat. The bat misses you.
There is a lethal amount of poison in your body!
The bat barely misses you.
You die...

#.#####.## #.#####.# ##
#.......# #.#########.#
#.#.#### #.# #.#.#
..#####.# ##.#.#
.....##.#
##.#.#####.##.##.#
##.#@##.....##.##.##
##.#b##..##..##.#...##
##.#.##.............#..
##.#.####..######.#...##
##.#.## #..# #(##.## #
##(#.## #..######.##.#
#.####.#.##
#.........##.#
#...#...##
##.#########+## #...##
###.# ##...##


You could see a bat.

Vanquished Creatures
  A worker ant (D:2)
  2 adders (D:2)
  3 dart slugs
  4 giant cockroaches
  9 goblins
  3 hobgoblins
  4 kobolds
  5 bats
  A frilled lizard (D:1)
  5 rats
37 creatures vanquished.

Notes
Turn   | Place    | Note
-------+----------+-------------------------------------------
     0 | D:1      | Firecrotchwizard the Demonspawn Gladiator began the quest
                  | for the Orb.
     0 | D:1      | Reached XP level 1. HP: 16/16 MP: 1/1
   145 | D:1      | Reached skill level 3 in Polearms
   273 | D:1      | Gained mutation: You have a somewhat thin skeletal
                  | structure. (Dex +2, Stealth) [demonic ancestry]
   273 | D:1      | Reached XP level 2. HP: 19/22 MP: 2/2
   637 | D:1      | Gained mutation: Your flesh is heat resistant. (rF+)
                  | [demonic ancestry]
   637 | D:1      | Reached XP level 3. HP: 28/28 MP: 3/3
  1280 | D:2      | Reached skill level 3 in Fighting
  1280 | D:2      | Reached skill level 4 in Polearms
  1280 | D:2      | Gained mutation: You are immune to clouds of flame.
                  | [demonic ancestry]
  1280 | D:2      | Reached XP level 4. HP: 14/35 MP: 4/4
  1284 | D:2      | HP: 7/35 [poisoned by a worker ant]
  1288 | D:2      | HP: 3/35 [poisoned by a worker ant]
  1291 | D:2      | Gained mutation: Your muscles are strong. (Str +2) [potion
                  | of mutation]
  1291 | D:2      | Gained mutation: Your magical capacity is low. (-10% MP)
                  | [potion of mutation]
  1291 | D:2      | Gained mutation: You are agile. (Dex +2) [potion of
                  | mutation]
  1291 | D:2      | HP: 1/35 [poisoned by a worker ant]
  1294 | D:2      | Succumbed to a worker ant's poison

Levels and vault maps discovered:
D:1:      lemuel_arrival_river_bridge, layout_loops_ring
D:2:      minmay_inner_zag, layout_loops_corners, first_ration,
          chequers_serial_rivers_micro_b, kennysheep_generic_room_2

Skill      XL: |  1  2  3 |
---------------+----------+-----
Polearms       | 3 4 |  4.1
Fighting       | 3 |  3.0
Throwing       | |  1.7
Dodging        | |  2.6

Action                   |  1- 3 |  4- 6 || total
-------------------------+-------+-------++-------
Melee: Trident           |   124 |     3 ||   127
  Use: Potion            |       |     4 ||     4
  Eat: Chunk             |     1 |       ||     1
Armor: Scale mail        |    49 |     3 ||    52
Dodge: Dodged            |    47 |     9 ||    56

Levels and vault maps discovered:
D:1:      lemuel_arrival_river_bridge, layout_loops_ring
D:2:      minmay_inner_zag, layout_loops_corners, first_ration,
          chequers_serial_rivers_micro_b, kennysheep_generic_room_2

Table legend:
 A = Turns spent in this place as a percentage of turns spent in the entire game.
 B = Non-inter-level travel turns spent in this place as a percentage of non-inter-level travel turns spent in the entire game.
 C = Inter-level travel turns spent in this place as a percentage of turns spent in this place.
 D = Turns resting spent in this place as a percentage of non-inter-level travel turns spent in this place.
 E = Turns spent auto-exploring this place as a percentage of non-inter-level travel turns spent in this place.
 F = Non-inter-level travel turns spent in this place divided by the number of levels of this place that you've seen.
                   A       B       C       D       E      F
               +-------+-------+-------+-------+-------+----------------------
         Total | 100.0 | 100.0 |   0.7 |  14.9 |  64.1 | 642.5
       Dungeon | 100.0 | 100.0 |   0.7 |  14.9 |  64.1 | 642.5
               +-------+-------+-------+-------+-------+----------------------

Table legend:
 A = Kills in this place as a percentage of kills in entire the game.
 B = Kills by you in this place as a percentage of kills by you in the entire game.
 C = Kills by friends in this place as a percentage of kills by friends in the entire game.
 D = Other kills in this place as a percentage of other kills in the entire game.
 E = Experience gained in this place as a percentage of experience gained in the entire game.
 F = Experience gained in this place divided by the number of levels of this place that you have seen.
                   A       B       C       D       E      F
               +-------+-------+-------+-------+-------+----------------------
         Total | 100.0 | 100.0 |   N/A |   N/A | 100.0 |  64.0
       Dungeon | 100.0 | 100.0 |   N/A |   N/A | 100.0 |  64.0
               +-------+-------+-------+-------+-------+----------------------
